 Dungeon Crawl Stone Soup version 0.28.0-45-g0d030f2227 (webtiles) character file.

Game seed: 2600152406442600438

147 safid the Chopper (level 5, -1/46 HPs)
             Began as a Hill Orc Fighter on Apr 2, 2022.
             Slain by Eustachio
             ... wielding a +0 rapier
              (7 damage)
             ... on level 4 of the Dungeon.
             The game lasted 00:03:13 (2900 turns).

safid the Chopper (Hill Orc Fighter)                Turns: 2900, Time: 00:03:13

Health: -1/46      AC: 10    Str: 21    XL:     5   Next: 29%
Magic:  5/5        EV:  9    Int:  8    God:
Gold:   150        SH:  4    Dex: 10    Spells: 4/4 levels left

rFire   . . .      SeeInvis .   a - +0 war axe
rCold   x . .      Faith    .   c - +0 buckler
rNeg    + . .      Spirit   .   b - +0 scale mail
rPois   +          Reflect  .   (no helmet)
rElec   .          Harm     .   (no cloak)
rCorr   .          Rampage  .   n - +2 pair of gloves of the Hall of Blades {rPois rC- rN+}
Will    .....                   (no boots)
Stlth   ..........              (no amulet)
HPRegen 0.15/turn               (no ring)
MPRegen 0.09/turn               (no ring)

@: no status effects
A: no striking features
a: no special abilities


You were on level 4 of the Dungeon.
You visited 1 branch of the dungeon, and saw 4 of its levels.

You collected 150 gold pieces.

Inventory:

Hand Weapons
 a - a +0 war axe (weapon)
Armour
 b - a +0 scale mail (worn)
 c - a +0 buckler (worn)
 n - the +2 pair of gloves of the Hall of Blades (worn) {rPois rC- rN+}
   (You found it on level 2 of the Dungeon)

   rC:        It makes you vulnerable to cold.
   rPois:     It protects you from poison.
   rN:        It protects you from negative energy.
Jewellery
 k - a ring of ice
Wands
 r - a wand of iceblast (8)
Scrolls
 h - 2 scrolls of enchant armour {unknown}
 i - a scroll of identify {unknown}
 j - 2 scrolls of fear {unknown}
 l - a scroll of amnesia {unknown}
 o - a scroll of fog {unknown}
 q - a scroll of teleportation {unknown}
Potions
 d - a potion of might
 e - 2 potions of brilliance {unknown}
 f - a potion of ambrosia {unknown}
 g - a potion of flight {unknown}
 m - a potion of curing {unknown}
 p - a potion of lignification {unknown}


   Skills:
 - Level 4.0 Fighting
 + Level 5.6 Axes
 - Level 4.0 Armour
 - Level 4.0 Shields


You had 4 spell levels left.
You didn't know any spells.
Your spell library was empty.

Dungeon Overview and Level Annotations

Branches:
Dungeon (4/15)
 Temple: D:4-7

Altars:
Dithmenos
Fedhas
Gozag
Hepliaklqana
Sif Muna
Trog
Wu Jian
Xom

Annotations:
D:4 Eustachio


Message History

Found an escape hatch in the floor.
The crimson imp sputters.
The crimson imp blinks!
An endoplasm comes into view.
Found 11 gold pieces.
The endoplasm quivers.
The crimson imp spits at you.
Eustachio mumbles some strange words.
You closely miss the crimson imp.
The crimson imp is lightly wounded.
The crimson imp barely misses you. x2
Unknown command.
You barely miss the river rat. You barely miss the crimson imp.
The crimson imp hits you but does no damage.
The river rat bites you.
Unknown command.
You closely miss the river rat. You closely miss the crimson imp.
The crimson imp disappears in a puff of smoke!
The river rat completely misses you.
Unknown command.
You hit the river rat but do no damage. You slash Eustachio!
The river rat closely misses you.
Eustachio mumbles some strange words.
Unknown command.
You barely miss Eustachio.
Eustachio is almost dead.
You hit the endoplasm.
You kill the endoplasm!
You hit the river rat.
The quokka disappears in a puff of smoke!
Eustachio hits you with a +0 rapier!
* * * LOW HITPOINT WARNING * * *
The river rat bites you.
* * * LOW HITPOINT WARNING * * *
The rat bites you but does no damage.
You hit Eustachio but do no damage.
Eustachio is almost dead.
You barely miss the rat. You closely miss the river rat.
Eustachio hits you with a +0 rapier!
You die...

#....####....#
#.....#.#....
##.......#... #
...........?#$...
............#...##
............?.#..
.....?........#. .##
......rr@......# ##....
$......@r#.##..###.#....
....##..r§.##.##........
.. #......#......#.....
....#..................
....#......###.........
.>.........#####........
...........#.##......###
..........##..#.........


You could see Eustachio (strong), 2 river rats and 2 rats.

Vanquished Creatures
  Ijyb (D:3)
  Terence (D:3)
  3 adders
  A worm (D:2)
  A dart slug (D:1)
  7 endoplasms
  4 goblins
  6 hobgoblins
  4 jackals (D:2)
  A kobold (D:1)
  4 quokkas
  4 ball pythons
  6 bats
  4 frilled lizards (D:1)
  22 rats
69 creatures vanquished.

Notes
Turn   | Place    | Note
-------+----------+-------------------------------------------
     0 | D:1      | safid the Hill Orc Fighter began the quest for the Orb.
     0 | D:1      | Reached XP level 1. HP: 19/19 MP: 1/1
   475 | D:1      | Reached XP level 2. HP: 27/27 MP: 2/2
   515 | D:1      | Reached skill level 3 in Axes
   585 | D:1      | Found a faded altar of an unknown god.
   948 | D:1      | Reached XP level 3. HP: 33/33 MP: 3/3
  1262 | D:2      | Identified the +1 leather armour "Lurystrun" {rElec rC+++
                  | Dex-4 Slay-3}
  1480 | D:2      | Identified the +2 pair of gloves of the Hall of Blades
                  | {rPois rC- rN+}
  1844 | D:3      | Noticed Terence
  1849 | D:3      | Killed Terence
  1850 | D:3      | Reached skill level 4 in Axes
  1850 | D:3      | Reached XP level 4. HP: 38/40 MP: 4/4
  2252 | D:3      | Noticed Ijyb
  2269 | D:3      | Killed Ijyb
  2270 | D:3      | Reached skill level 5 in Axes
  2270 | D:3      | Reached XP level 5. HP: 35/46 MP: 5/5
  2343 | D:3      | Found an opulent altar of Gozag.
  2348 | D:3      | Found an ornate altar of the Wu Jian Council.
  2356 | D:3      | Found a shadowy altar of Dithmenos.
  2361 | D:3      | Found a bloodstained altar of Trog.
  2368 | D:3      | Found a hazy altar of Hepliaklqana.
  2374 | D:3      | Found a blossoming altar of Fedhas.
  2385 | D:3      | Found a shimmering blue altar of Sif Muna.
  2647 | D:4      | Found a shimmering altar of Xom.
  2657 | D:4      | Found a shimmering altar of Xom.
  2875 | D:4      | Noticed Eustachio
  2900 | D:4      | Slain by Eustachio

Illustrated notes

Levels and vault maps discovered:
D:1:      psy_arrival_fountain, layout_basic, hellmonk_ecumenical_altar_blasted,
          kennysheep_decorative_pillar
D:2:      layout_loops_ring
D:3:      layout_loops_ring, grunt_temple_overflow_octagram, uniq_ijyb,
          uniq_terence
D:4:      layout_cave_pools, good_gods_temple_1, xom_redecorated,
          grunt_qazlal_clouds, amcnicky_mini_pool_small,
          chequers_serial_rivers_room_a, minmay_rat_hole, uniq_eustachio

Skill      XL: |  1  2  3  4 |
---------------+-------------+-----
Axes           | 3 4 5 |  5.6
Fighting       | 4 |  4.0
Armour         | 4 |  4.0
Shields        | 4 |  4.0

Action                   |  1- 3 |  4- 6 || total
-------------------------+-------+-------++-------
Melee: War axe           |    97 |    75 ||   172
Armor: Scale mail        |    46 |    29 ||    75
Dodge: Dodged            |    48 |    29 ||    77
Block: Buckler           |    23 |     8 ||    31
